[ AOE2 MATCH · #476279230 ]
UnrankedDravidians vs Slavs
[ REPLAY ANALYSIS · EXTRACTED FROM THE RECORDED GAME ]
Feudal
14:08
Castle
18:41
Imperial
40:33
| APM avg | 34.8 |
| APM peak | 65 |
| eAPM avg | 20.1 |
| Villagers / military | 109 / 147 |
Focus
⚔️ 33.9% · 🌾 66.1%
Spearman ×51 · Militia ×40 · Fishing Ship ×29 · Armored Elephant ×28 · Monk ×15 · Scorpion ×8
Feudal
16:36
Castle
22:27
Imperial
—
| APM avg | 18.9 |
| APM peak | 37 |
| eAPM avg | 11.8 |
| Villagers / military | 56 / 28 |
Focus
⚔️ 21.3% · 🌾 78.7%
Militia ×15 · Boyar ×13 · Fishing Ship ×11
Feudal
—
Castle
—
Imperial
—
| APM avg | 2.2 |
| APM peak | 41 |
| eAPM avg | 0.8 |
| Villagers / military | 7 / 0 |
Focus
⚔️ 7.1% · 🌾 92.9%
Feudal
—
Castle
—
Imperial
—
| APM avg | 1.9 |
| APM peak | 28 |
| eAPM avg | 0.7 |
| Villagers / military | 5 / 0 |
Focus
⚔️ 14.3% · 🌾 85.7%
Fishing Ship ×1
Feudal
—
Castle
—
Imperial
—
| APM avg | 3.4 |
| APM peak | 53 |
| eAPM avg | 1.5 |
| Villagers / military | 7 / 0 |
Focus
⚔️ 32.4% · 🌾 67.6%
Fishing Ship ×1
Feudal
—
Castle
—
Imperial
—
| APM avg | 3.4 |
| APM peak | 50 |
| eAPM avg | 1.7 |
| Villagers / military | 6 / 0 |
Focus
⚔️ 17.9% · 🌾 82.1%
Fishing Ship ×1
Feudal
—
Castle
—
Imperial
—
| APM avg | 2.1 |
| APM peak | 37 |
| eAPM avg | 0.8 |
| Villagers / military | 6 / 0 |
Focus
⚔️ 4.3% · 🌾 95.7%
Feudal
—
Castle
—
Imperial
—
| APM avg | 6.3 |
| APM peak | 89 |
| eAPM avg | 0.9 |
| Villagers / military | 8 / 0 |
Focus
⚔️ 9.1% · 🌾 90.9%
Match map
Initial resources + every placement click. Lines = walls · curves = elevation contours. ◆ gold · ⬟ stone · ● berries · ✦ relic · ◌ wall gap
Your base· Open — unwalled flank
香港招商局陳局長's base· Open — unwalled flank
Kajook's base· Open — unwalled flank
Kou_Bs's base· Open — unwalled flank
[SotC ]Risck's base· Open — 11t gap
Sein's base· Open — 7t gap
随机必投's base· Open — 3t gap
SKYRIM's base· Open — 11t gap
Smoothed initial terrain · ◌ = detected wall gap · hover for details
Inputs per minute
— SirBro - - 香港招商局陳局長
Build order — SirBro
First 150 of 323 actions detected
| 0:06 | Build | Town Center |
| 0:36 | Build | Dock |
| 0:47 | Build | Palisade Wall |
| 0:47 | Build | Palisade Wall |
| 2:38 | Create | Villager (Male) |
| 2:38 | Create | Villager (Male) |
| 2:38 | Create | Villager (Male) |
| 2:38 | Create | Villager (Male) |
| 3:45 | Create | Villager (Male) |
| 3:45 | Create | Villager (Male) |
| 4:25 | Create | Fishing Ship |
| 4:26 | Create | Fishing Ship |
| 4:56 | Research | Loom |
| 5:01 | Create | Fishing Ship |
| 5:05 | Build | House |
| 5:06 | Build | House |
| 5:14 | Create | Villager (Male) |
| 5:14 | Create | Villager (Male) |
| 6:01 | Create | Fishing Ship |
| 6:02 | Create | Fishing Ship |
| 6:12 | Create | Villager (Male) |
| 6:12 | Create | Villager (Male) |
| 6:35 | Create | Fishing Ship |
| 6:50 | Create | Villager (Male) |
| 6:50 | Create | Villager (Male) |
| 7:17 | Create | Fishing Ship |
| 7:19 | Create | Villager (Male) |
| 7:19 | Create | Villager (Male) |
| 7:35 | Create | Fishing Ship |
| 7:35 | Create | Fishing Ship |
| 7:48 | Create | Villager (Male) |
| 7:48 | Create | Villager (Male) |
| 7:55 | Build | House |
| 7:56 | Build | House |
| 8:13 | Create | Villager (Male) |
| 8:30 | Create | Villager (Male) |
| 8:30 | Create | Villager (Male) |
| 8:31 | Create | Villager (Male) |
| 8:31 | Create | Villager (Male) |
| 8:34 | Create | Fishing Ship |
| 8:35 | Create | Fishing Ship |
| 8:54 | Create | Villager (Male) |
| 8:54 | Create | Villager (Male) |
| 9:32 | Create | Villager (Male) |
| 9:32 | Create | Villager (Male) |
| 9:49 | Create | Villager (Male) |
| 9:49 | Create | Villager (Male) |
| 9:52 | Create | Villager (Male) |
| 9:52 | Create | Villager (Male) |
| 10:12 | Build | Dock |
| 10:23 | Create | Fishing Ship |
| 10:28 | Create | Villager (Male) |
| 10:29 | Create | Villager (Male) |
| 10:29 | Create | Villager (Male) |
| 10:29 | Create | Villager (Male) |
| 10:37 | Build | Lumber Camp |
| 10:52 | Create | Fishing Ship |
| 11:09 | Create | Villager (Male) |
| 11:09 | Create | Villager (Male) |
| 11:23 | Create | Villager (Male) |
| 11:23 | Create | Villager (Male) |
| 11:23 | Create | Villager (Male) |
| 11:24 | Create | Villager (Male) |
| 11:24 | Create | Villager (Male) |
| 11:24 | Create | Villager (Male) |
| 11:28 | Create | Fishing Ship |
| 11:57 | Research | Feudal Age |
| 12:06 | Build | Mining Camp |
| 12:10 | Create | Fishing Ship |
| 12:19 | Build | House |
| 12:27 | Create | Fishing Ship |
| 12:27 | Create | Fishing Ship |
| 12:44 | Create | Villager (Male) |
| 12:45 | Create | Villager (Male) |
| 13:21 | Create | Villager (Male) |
| 13:30 | Build | Dock |
| 14:02 | Build | Mill |
| 14:08 | Age | Feudal Age |
| 14:13 | Research | Double-Bit Axe |
| 14:19 | Research | Tech 906 |
| 14:22 | Create | Fishing Ship |
| 14:24 | Create | Fishing Ship |
| 14:29 | Create | Fishing Ship |
| 14:43 | Build | Blacksmith |
| 15:13 | Build | Market |
| 15:28 | Create | Villager (Male) |
| 15:47 | Create | Fishing Ship |
| 15:47 | Create | Fishing Ship |
| 15:47 | Create | Fishing Ship |
| 16:01 | Research | Castle Age |
| 16:01 | Research | Castle Age |
| 16:08 | Research | Gold Mining |
| 16:27 | Build | Lumber Camp |
| 16:32 | Create | Villager (Male) |
| 17:02 | Create | Fishing Ship |
| 17:07 | Create | Fishing Ship |
| 17:09 | Create | Fishing Ship |
| 17:17 | Build | House |
| 17:20 | Build | House |
| 17:33 | Build | Barracks |
| 17:35 | Create | Villager (Male) |
| 17:46 | Create | Villager (Male) |
| 17:46 | Create | Villager (Male) |
| 17:54 | Build | House |
| 17:56 | Build | House |
| 18:39 | Create | Spearman |
| 18:39 | Create | Spearman |
| 18:40 | Create | Spearman |
| 18:40 | Create | Spearman |
| 18:41 | Age | Castle Age |
| 18:47 | Build | Siege Workshop |
| 18:58 | Build | Town Center |
| 19:01 | Create | Villager (Male) |
| 19:18 | Create | Spearman |
| 19:27 | Research | Pikeman (upgrade) |
| 19:34 | Research | Scale Mail Armor |
| 19:37 | Research | Forging |
| 19:43 | Create | Mangonel |
| 19:43 | Create | Mangonel |
| 20:04 | Build | Lumber Camp |
| 20:23 | Create | Mangonel |
| 20:32 | Build | Siege Workshop |
| 20:38 | Create | Villager (Male) |
| 20:41 | Create | Villager (Male) |
| 20:41 | Create | Villager (Male) |
| 20:41 | Create | Villager (Male) |
| 20:42 | Create | Villager (Male) |
| 20:52 | Create | Mangonel |
| 20:55 | Create | Spearman |
| 20:55 | Create | Spearman |
| 20:55 | Create | Spearman |
| 21:03 | Create | Mangonel |
| 21:29 | Create | Scorpion |
| 21:29 | Create | Scorpion |
| 21:34 | Research | Bow Saw |
| 22:06 | Create | Scorpion |
| 22:06 | Create | Scorpion |
| 22:06 | Create | Scorpion |
| 22:06 | Create | Scorpion |
| 22:07 | Create | Scorpion |
| 22:07 | Create | Scorpion |
| 22:49 | Create | Villager (Male) ×5 |
| 22:50 | Create | Villager (Male) ×5 |
| 22:50 | Create | Villager (Male) ×5 |
| 22:50 | Create | Villager (Male) ×5 |
| 22:53 | Build | House |
| 22:53 | Build | House |
| 22:54 | Build | House |
| 22:54 | Build | House |
| 22:55 | Build | House |
Build order — 香港招商局陳局長
First 150 of 151 actions detected
| 0:41 | Build | Town Center |
| 1:06 | Build | House |
| 3:13 | Create | Villager (Male) ×4 |
| 3:50 | Build | House |
| 4:19 | Research | Loom |
| 4:38 | Build | Dock |
| 5:30 | Create | Fishing Ship |
| 6:10 | Build | House |
| 6:23 | Create | Fishing Ship |
| 6:25 | Create | Fishing Ship |
| 6:43 | Create | Villager (Male) |
| 7:15 | Create | Villager (Male) |
| 7:46 | Create | Villager (Male) |
| 7:51 | Build | House |
| 8:05 | Create | Villager (Male) |
| 8:24 | Create | Villager (Male) |
| 8:25 | Create | Villager (Male) |
| 8:29 | Build | Palisade Wall |
| 8:31 | Build | House |
| 8:38 | Create | Villager (Male) |
| 8:47 | Create | Villager (Male) |
| 9:01 | Build | Palisade Gate |
| 9:03 | Build | Palisade Wall |
| 9:10 | Create | Villager (Male) |
| 9:29 | Create | Villager (Male) |
| 9:40 | Create | Villager (Male) |
| 9:49 | Build | House |
| 10:01 | Create | Villager (Male) |
| 10:02 | Create | Fishing Ship |
| 10:06 | Create | Villager (Male) |
| 10:21 | Build | Palisade Gate |
| 10:24 | Build | House |
| 10:27 | Build | Palisade Wall |
| 10:29 | Create | Villager (Male) |
| 10:42 | Create | Villager (Male) |
| 11:10 | Build | Mill |
| 11:18 | Create | Fishing Ship |
| 11:27 | Create | Villager (Male) ×2 |
| 12:09 | Build | House |
| 12:16 | Build | Palisade Wall |
| 12:19 | Build | House |
| 12:34 | Build | Lumber Camp |
| 13:09 | Create | Fishing Ship |
| 13:09 | Create | Fishing Ship |
| 13:19 | Build | House |
| 13:24 | Build | Palisade Wall |
| 13:27 | Build | Palisade Gate |
| 13:33 | Create | Villager (Male) |
| 14:22 | Research | Feudal Age |
| 14:33 | Build | Mining Camp |
| 15:12 | Create | Fishing Ship |
| 15:17 | Build | Dock |
| 15:39 | Build | House |
| 16:07 | Create | Villager (Male) |
| 16:07 | Create | Villager (Male) |
| 16:36 | Age | Feudal Age |
| 16:39 | Build | Blacksmith |
| 16:45 | Research | Double-Bit Axe |
| 16:47 | Research | Horse Collar |
| 16:54 | Research | Gold Mining |
| 17:11 | Research | Horse Collar |
| 17:17 | Build | Farm |
| 17:18 | Build | Farm |
| 17:24 | Build | Farm |
| 17:32 | Create | Villager (Male) |
| 17:39 | Build | House |
| 17:42 | Build | Palisade Wall |
| 17:50 | Create | Villager (Male) |
| 18:27 | Build | Market |
| 18:30 | Build | Palisade Wall |
| 18:32 | Create | Villager (Male) |
| 18:45 | Create | Villager (Male) |
| 18:52 | Build | Lumber Camp |
| 19:09 | Build | Mining Camp |
| 19:19 | Create | Villager (Male) |
| 19:33 | Research | Castle Age |
| 20:38 | Build | Mining Camp |
| 20:42 | Build | Mining Camp |
| 20:50 | Research | Stone Mining |
| 20:58 | Build | Farm |
| 20:58 | Build | Farm |
| 20:58 | Build | Farm |
| 20:59 | Build | Farm |
| 21:09 | Create | Fishing Ship |
| 21:10 | Create | Fishing Ship |
| 21:14 | Research | Tech 906 |
| 21:14 | Create | Fishing Ship |
| 22:27 | Age | Castle Age |
| 22:40 | Build | Castle |
| 22:50 | Research | Wheelbarrow |
| 23:38 | Create | Boyar ×2 |
| 24:13 | Create | Boyar ×5 |
| 24:36 | Build | Farm |
| 24:50 | Research | Scale Barding Armor |
| 25:10 | Create | Boyar |
| 25:21 | Create | Boyar |
| 26:13 | Create | Boyar ×2 |
| 26:13 | Create | Boyar ×2 |
| 28:30 | Build | Town Center |
| 29:38 | Build | Mining Camp |
| 29:40 | Create | Villager (Male) ×5 |
| 30:03 | Create | Villager (Male) ×2 |
| 30:37 | Build | Farm |
| 30:38 | Build | Farm |
| 30:38 | Build | Farm |
| 30:38 | Build | Farm |
| 30:38 | Build | Farm |
| 30:39 | Build | Farm |
| 31:10 | Create | Villager (Male) |
| 31:10 | Create | Villager (Male) |
| 31:23 | Build | Town Center |
| 31:37 | Create | Villager (Male) |
| 31:37 | Create | Villager (Male) |
| 31:47 | Build | Barracks |
| 31:50 | Build | Barracks |
| 31:54 | Create | Villager (Male) |
| 31:54 | Create | Villager (Male) |
| 32:00 | Build | Farm |
| 32:01 | Build | Farm |
| 32:01 | Build | Farm |
| 32:07 | Research | Scale Mail Armor |
| 32:20 | Create | Villager (Male) |
| 32:20 | Create | Villager (Male) |
| 32:22 | Research | Forging |
| 32:28 | Create | Villager (Male) |
| 32:29 | Create | Villager (Male) |
| 32:42 | Build | Farm |
| 32:43 | Build | Farm |
| 32:49 | Create | Villager (Male) |
| 33:14 | Research | Man-at-Arms (upgrade) |
| 33:15 | Research | Squires |
| 33:17 | Create | Villager (Male) |
| 33:18 | Create | Villager (Male) |
| 33:19 | Create | Villager (Male) |
| 33:30 | Create | Villager (Male) |
| 33:31 | Create | Villager (Male) |
| 33:31 | Create | Villager (Male) |
| 34:03 | Research | Long Swordsman (upgrade) |
| 34:49 | Create | Militia ×5 |
| 34:50 | Create | Militia ×5 |
| 35:20 | Create | Militia ×5 |
| 35:46 | Build | Mining Camp |
| 35:58 | Build | Mining Camp |
| 36:21 | Research | Chain Mail Armor |
| 37:43 | Build | Town Center |
| 38:25 | Build | Castle |
| 38:53 | Create | Villager (Male) ×3 |
| 39:20 | Build | Lumber Camp |
| 39:45 | Build | Mining Camp |
| 40:21 | Build | Siege Workshop |
Build order — Kajook
10 actions detected in the replay
| 0:18 | Build | Town Center |
| 0:31 | Build | Dock |
| 0:35 | Build | House |
| 2:38 | Create | Villager (Male) |
| 2:38 | Create | Villager (Male) |
| 2:39 | Create | Villager (Male) |
| 2:39 | Create | Villager (Male) |
| 2:39 | Create | Villager (Male) |
| 3:55 | Create | Villager (Male) |
| 3:55 | Create | Villager (Male) |
Build order — Kou_Bs
9 actions detected in the replay
| 0:15 | Build | Town Center |
| 1:30 | Build | Dock |
| 2:33 | Create | Villager (Male) |
| 2:35 | Create | Fishing Ship |
| 2:55 | Create | Villager (Male) |
| 3:12 | Build | House |
| 3:32 | Create | Villager (Male) |
| 3:33 | Create | Villager (Male) |
| 3:41 | Create | Villager (Male) |
Build order — [SotC ]Risck
11 actions detected in the replay
| 0:09 | Build | Town Center |
| 0:30 | Build | Dock |
| 0:33 | Build | House |
| 2:43 | Create | Villager (Male) |
| 2:43 | Create | Villager (Male) |
| 2:43 | Create | Villager (Male) |
| 2:44 | Create | Villager (Male) |
| 2:51 | Create | Villager (Male) |
| 3:02 | Create | Fishing Ship |
| 3:41 | Create | Villager (Male) |
| 3:41 | Create | Villager (Male) |
Build order — Sein
12 actions detected in the replay
| 0:12 | Build | Town Center |
| 0:33 | Build | Dock |
| 0:36 | Build | House |
| 1:12 | Build | Palisade Wall |
| 1:14 | Build | Palisade Wall |
| 2:41 | Create | Villager (Male) |
| 2:41 | Create | Villager (Male) |
| 2:41 | Create | Villager (Male) |
| 2:42 | Create | Villager (Male) |
| 2:42 | Create | Villager (Male) |
| 3:22 | Create | Villager (Male) |
| 3:34 | Create | Fishing Ship |
Build order — 随机必投
9 actions detected in the replay
| 0:32 | Build | Dock |
| 0:41 | Build | Town Center |
| 1:09 | Build | House |
| 3:22 | Create | Villager (Male) |
| 3:22 | Create | Villager (Male) |
| 3:22 | Create | Villager (Male) |
| 3:22 | Create | Villager (Male) |
| 3:23 | Create | Villager (Male) |
| 3:23 | Create | Villager (Male) |
Build order — SKYRIM
5 actions detected in the replay
| 0:38 | Build | Town Center |
| 0:50 | Build | House |
| 2:24 | Build | Dock |
| 2:58 | Create | Villager (Male) ×4 |
| 2:58 | Create | Villager (Male) ×4 |
Match timeline
| 0:30 | [SotC ]Risck · first_building Dock |
| 0:31 | Kajook · first_building Dock |
| 0:32 | 随机必投 · first_building Dock |
| 0:33 | Sein · first_building Dock |
| 0:36 | SirBro · first_building Dock |
| 0:47 | SirBro · wall_segment Palisade Wall x1 |
| 0:47 | SirBro · wall_segment Palisade Wall x1 |
| 1:12 | Sein · wall_segment Palisade Wall x1 |
| 1:14 | Sein · wall_segment Palisade Wall x1 |
| 1:30 | Kou_Bs · first_building Dock |
| 2:24 | SKYRIM · first_building Dock |
| 3:43 | 随机必投 · resign |
| 4:38 | 香港招商局陳局長 · first_building Dock |
| 8:29 | 香港招商局陳局長 · wall_segment Palisade Wall x1 |
| 9:03 | 香港招商局陳局長 · wall_segment Palisade Wall x1 |
| 10:27 | 香港招商局陳局長 · wall_segment Palisade Wall x2 |
| 12:16 | 香港招商局陳局長 · wall_segment Palisade Wall x4 |
| 13:24 | 香港招商局陳局長 · wall_segment Palisade Wall x5 |
| 14:08 | SirBro · age_up feudal |
| 16:36 | 香港招商局陳局長 · age_up feudal |
| 17:33 | SirBro · first_building Barracks |
| 17:42 | 香港招商局陳局長 · wall_segment Palisade Wall x8 |
| 18:30 | 香港招商局陳局長 · wall_segment Palisade Wall x11 |
| 18:41 | SirBro · age_up castle |
| 18:47 | SirBro · first_building Siege Workshop |
| 20:46 | SirBro · first_market_buy 100 wood |
| 20:46 | SirBro · first_market_sell 100 food |
| 22:27 | 香港招商局陳局長 · age_up castle |
| 22:34 | 香港招商局陳局長 · first_market_sell 100 food |
| 22:35 | 香港招商局陳局長 · first_market_buy 100 stone |
| 22:40 | 香港招商局陳局長 · first_building Castle |
| 24:10 | SirBro · first_building Monastery |
| 31:47 | 香港招商局陳局長 · first_building Barracks |
| 32:54 | SirBro · wall_segment Stone Wall x1 |
| 32:55 | SirBro · wall_segment Stone Wall x1 |
| 32:55 | SirBro · wall_segment Stone Wall x1 |
| 38:03 | SirBro · first_building Castle |
| 39:29 | SirBro · first_building Stable |
| 40:21 | 香港招商局陳局長 · first_building Siege Workshop |
| 40:33 | SirBro · age_up imperial |
[ AI ANALYSIS · 1 CREDIT ]
What really happened in this match?
Wolo.gg analyzes every decision: build order, eco, micro, common mistakes by bracket. Personalized analysis on WhatsApp or Discord in 30 seconds.
Civ guide
Dravidians
Perfil
Jugador #4781864